Map: Redstorm

Players

Moloch - Winner!

  • Race: Zerg Zerg
  • Spawn Location: 1:00

ILIEKEGGPIE - Winner!

  • Race: Protoss Protoss
  • League: Platinum
  • Spawn Location: 1:00

GWZ

  • Race: Terran Terran
  • Spawn Location: 7:00

GROYER

  • Race: Terran Terran
  • Spawn Location: 7:00

VOD

Have the link to the VOD?

Description

Time

  • Played on: May 25, 2018, 4:36 p.m.
  • Length: 14:04
Show
View Real Time Build Order
Export as new Build Order

Moloch Zerg - Winner!

Build Orders: Pool First, Lurkers 

Get SALT Encoding   

  12  0:22  Spawning Pool  
  12  0:23  Drone  
  12  0:30  Drone  
  13  0:36  Drone  
  13  0:41  Overlord  
  14  1:09  Zergling x6  
  17  1:24  Hatchery  
  16  1:30  Drone  
  17  1:36  Extractor  
  16  1:40  Drone  
  16  1:43  Zergling x2  
  17  3:02  Zergling x6  
  17  3:21  Spine Crawler  
  17  3:22  Spine Crawler  
  17  3:24  Spine Crawler  
  15  3:27  Drone x3, Extractor  
  15  3:32  Hatchery  
  15  3:46  Drone  
  13  4:07  Lair, Drone x2  
  13  4:08  Drone  
  16  4:14  Drone x3  
  19  4:20  Spine Crawler  
  18  4:31  Drone x2  
  18  4:33  Drone  
  21  4:56  Hatchery  
  20  5:02  Drone  
  20  5:03  Drone  
  22  5:12  Hydralisk Den  
  22  5:13  Drone  
  22  5:18  Drone  
  23  5:21  Drone  
  23  5:25  Drone  
  25  5:29  Drone  
  25  5:32  Drone  
  27  5:36  Drone  
  28  5:44  Hydralisk  
  30  5:50  Spore Crawler  
  30  5:55  Hydralisk  
  29  6:05  Hydralisk x2  
  29  6:08  Drone x2  
  35  6:26  Drone x2  
  35  6:27  Drone x3  
  35  6:29  Overlord  
  35  6:31  Overlord  
  40  6:54  Infestation Pit  
  32  7:03  Queen, Hydralisk  
  32  7:04  Hydralisk, Lurker Den  
  37  7:35  Drone x4  
  37  7:36  Drone x2  
  43  7:38  Drone x3  
  46  7:46  Queen  
  46  7:48  Drone x2  
  50  7:55  Overlord  
  50  8:16  Hydralisk x2  
  54  8:35  Lurker  
  54  8:36  Lurker  
  54  8:38  Lurker x2  
  58  9:00  Extractor  
  57  9:02  Extractor  
  57  9:05  Overlord x3  
  57  9:06  Hatchery, Extractor  
  57  9:07  Extractor  
  57  9:08  Overlord x4  
  57  9:09  Overlord x2  
  53  9:24  Spire  
  52  9:34  Lurker x2  
  54  9:39  Drone x2  
  54  9:40  Drone x5  
  61  9:48  Zergling x2  
  62  9:55  Overlord  
  62  9:59  Overlord  
  62  10:02  Pneumatized Carapace  
  62  10:11  Drone  
  62  10:12  Drone x2  
  65  10:23  Drone x3  
  65  10:24  Drone x5  
  65  10:25  Drone  
  73  10:33  Lurker  
  73  10:34  Lurker  
  75  10:39  Drone x2  
  77  10:49  Evolution Chamber  
  76  10:50  Evolution Chamber  
  76  10:54  Evolution Chamber, Drone  
  76  10:55  Drone x2  
  76  10:56  Drone  
  78  10:58  Drone  
  79  11:13  Drone x5  
  79  11:14  Drone  
  85  11:20  Zerg Missile Weapons Level 1, Zerg Melee Weapons Level 1  
  85  11:23  Zerg Ground Armor Level 1  
  85  11:26  Drone x2  
  87  11:34  Extractor x2  
  87  11:38  Drone  
  86  11:42  Drone x2  
  86  11:43  Drone x6  
  86  11:44  Drone  
  95  11:56  Hatchery  
  94  12:04  Extractor  
  94  12:05  Drone  
  94  12:08  Extractor  
  93  12:09  Drone x5  
  93  12:10  Drone x2  
  100  12:22  Hydralisk  
  100  12:23  Hydralisk x5  
  112  12:40  Nydus Network  
  112  12:42  Drone x2  
  112  12:43  Drone x6  
  119  13:00  Drone x6  
  125  13:06  Lurker x2  
  125  13:07  Lurker x4  
  125  13:08  Hydralisk x2  
  125  13:09  Hydralisk x2  
  139  13:17  Spore Crawler  
  139  13:18  Nydus Canal  
  139  13:19  Spore Crawler  
  137  13:28  Hydralisk  
  137  13:29  Hydralisk x4  
  137  13:33  Nydus Canal  
  147  13:47  Nydus Canal  
Show
View Real Time Build Order
Export as new Build Order

ILIEKEGGPIE Protoss - Winner!

Build Orders: 1 Gate Expand 

Get SALT Encoding   

  12  0:01  Probe  
  13  0:13  Probe  
  14  0:20  Pylon  
  14  0:23  Probe  
  15  0:34  Probe  
  15  0:42  Gateway, Probe  
  16  0:47  Assimilator  
  17  0:53  Probe  
  18  1:01  Probe  
  18  1:05  Assimilator  
  18  1:09  Probe  
  19  1:16  Pylon  
  20  1:21  Probe  
  21  1:44  Nexus  
  21  2:03  Cybernetics Core  
  21  2:04  Probe  
  22  2:16  Probe  
  23  2:28  Probe  
  24  2:39  Gateway  
  24  2:41  Stalker, Stargate, Warp Gate  
  26  2:48  Probe  
  27  2:53  Probe  
  28  2:59  Pylon  
  28  3:01  Probe x2  
  30  3:11  Stalker  
  32  3:13  Probe  
  32  3:18  Probe  
  33  3:20  Stargate  
  33  3:21  Probe  
  35  3:27  Stalker  
  37  3:40  Void Ray  
  41  3:47  Stalker  
  43  3:52  Probe x2  
  45  4:04  Probe  
  46  4:10  Stalker  
  48  4:21  Stalker  
  50  4:26  Void Ray  
  50  4:29  Assimilator  
  54  4:32  Pylon  
  54  4:35  Assimilator  
  54  4:44  Gateway x2  
  54  4:50  Probe x2  
  56  4:54  Stargate  
  56  5:00  Gateway  
  56  5:02  Gateway, Probe  
  57  5:07  Pylon  
  57  5:08  Pylon  
  57  5:12  Probe  
  57  5:16  Probe  
  57  5:20  Probe  
  59  5:24  Void Ray  
  65  5:28  Probe  
  65  5:30  Probe  
  65  5:31  Pylon  
  66  5:40  Nexus  
  66  5:47  Void Ray  
  70  6:01  Stalker x2  
  74  6:16  Void Ray  
  78  6:25  Stalker x3  
  84  6:28  Sentry  
  86  6:47  Probe  
  86  6:51  Probe  
  88  6:55  Probe  
  89  7:04  Probe  
  90  7:09  Probe x2  
  90  7:12  Fleet Beacon  
  92  7:16  Probe  
  92  7:17  Probe x2  
  95  7:26  Probe x2  
  95  7:28  Probe  
  98  7:34  Stalker  
  100  7:39  Pylon  
  100  7:41  Pylon  
  100  7:42  Probe  
  101  7:47  Assimilator  
  101  7:51  Assimilator, Pylon  
  101  7:52  Pylon, Forge  
  101  7:53  Pylon  
  101  7:55  Forge  
  101  7:57  Probe  
  101  7:58  Twilight Council  
  98  8:21  Void Ray x2  
  98  8:25  Stalker x4  
  114  8:34  Protoss Ground Weapons Level 1  
  114  8:35  Protoss Ground Armor Level 1  
  114  8:40  Gateway  
  114  8:43  Gateway  
  114  8:44  Robotics Facility  
  114  8:54  Gateway  
  114  8:56  Gateway  
  114  9:02  Probe  
  115  9:16  Stalker x2  
  115  9:17  Stalker x2  
  115  9:22  Pylon  
  115  9:24  Pylon  
  119  9:25  Pylon  
  119  9:27  Observer  
  119  9:34  Probe  
  119  9:35  Probe  
  122  9:39  Pylon  
  122  9:41  Pylon  
  122  9:47  Immortal  
  122  9:49  Stalker  
  122  9:50  Stalker x4  
  122  9:51  Stalker  
  122  9:52  Blink  
  138  10:08  Pylon  
  138  10:13  Pylon  
  138  10:14  Warp Prism  
  138  10:19  Protoss Ground Weapons Level 2, Probe x3  
  141  10:26  Protoss Ground Armor Level 2  
  121  11:25  Warp Prism  
  102  11:45  Stalker  
  102  11:46  Stalker x7  
  106  12:10  Stalker x2  
  106  12:11  Stalker x4  
  118  12:20  Stalker x2  
  120  12:30  Gateway  
  120  12:31  Gateway x2  
  120  12:32  Gateway x2  
  120  12:33  Pylon  
  120  12:34  Pylon  
  120  12:38  Stalker x6  
  130  13:06  Stalker x6  
  130  13:07  Stalker  
  144  13:21  Pylon  
  144  13:23  Pylon  
  144  13:26  Stalker  
  146  13:30  Nexus  
  146  13:32  Stalker  
  146  13:33  Stalker x4, Pylon, Nexus  
  156  13:34  Sentry x3  
  156  13:35  Pylon x2  
Show
View Real Time Build Order
Export as new Build Order

GWZ Terran 

Build Orders:  

Get SALT Encoding   

  12  0:01  SCV  
  13  0:16  Supply Depot  
  13  0:18  SCV  
  14  0:30  SCV  
  14  0:31  Refinery  
  15  0:44  Barracks  
  15  0:47  SCV  
  16  0:59  SCV  
  17  1:05  Refinery  
  17  1:11  SCV  
  18  1:23  SCV  
  19  1:35  SCV  
  19  1:38  Factory  
  20  1:45  Barracks Reactor  
  20  1:53  SCV  
  21  2:06  SCV  
  22  2:18  SCV  
  23  2:23  Supply Depot  
  23  2:45  Hellion x2  
  27  3:07  Hellion  
  29  3:47  Orbital Command  
  29  4:09  Cyclone  
  31  4:38  Cyclone  
  34  4:41  Cyclone  
  37  5:02  SCV  
  38  5:14  SCV  
  38  5:17  Supply Depot  
  39  5:38  Cyclone x2, SCV  
  39  5:39  Supply Depot  
  46  5:50  SCV  
  47  6:02  Supply Depot, SCV  
  48  6:48  Command Center  
  44  8:01  Engineering Bay  
  44  8:29  Widow Mine  
  44  8:30  Widow Mine  
  48  8:36  Missile Turret  
  48  8:46  Missile Turret  
  48  8:51  Widow Mine x2  
  52  9:05  Missile Turret  
  50  9:12  Widow Mine x2  
  54  9:25  Missile Turret  
  54  9:34  Widow Mine x2  
  58  9:45  Missile Turret  
  58  9:55  Cyclone  
  58  9:57  Hi-Sec Auto Tracking  
  61  10:03  Missile Turret  
  61  10:26  Missile Turret  
  61  10:46  Missile Turret  
  61  10:54  Cyclone  
  61  10:55  Cyclone  
  63  11:07  Missile Turret  
  46  11:26  Cyclone  
  46  11:27  Cyclone  
  46  11:57  Marine  
  46  11:58  Cyclone  
  46  12:00  Cyclone  
  45  12:14  Marine  
  39  12:30  Cyclone  
  39  12:32  Marine, Cyclone  
  45  12:50  Marine  
  39  13:03  Cyclone  
  39  13:04  Cyclone  
  43  13:08  Marine  
  42  13:18  Missile Turret  
  42  13:26  Marine  
  41  13:35  Hellion  
  41  13:36  Hellion  
  45  13:43  Marine  
Show
View Real Time Build Order
Export as new Build Order

GROYER Terran 

Build Orders:  

Get SALT Encoding   

  12  0:02  SCV  
  13  0:14  SCV  
  14  0:26  SCV  
  15  0:29  Supply Depot  
  15  0:38  Refinery  
  15  0:43  Refinery  
  15  0:50  SCV  
  15  0:54  Barracks  
  16  1:02  SCV  
  17  1:14  SCV  
  18  1:26  SCV  
  19  1:39  SCV  
  20  1:46  Factory  
  20  1:49  Barracks Reactor  
  9  2:33  SCV  
  9  2:45  SCV  
  9  2:57  SCV  
  10  3:10  SCV, Factory Reactor  
  11  3:14  Barracks Reactor  
  11  3:22  SCV  
  13  3:45  Orbital Command  
  12  4:16  Cyclone  
  15  4:27  Supply Depot  
  15  4:42  Supply Depot  
  15  4:48  Reaper x2  
  15  4:49  Supply Depot  
  15  4:51  SCV  
  18  5:04  SCV  
  19  5:12  Supply Depot  
  19  5:16  SCV  
  19  5:17  Cyclone x2  
  19  5:20  Reaper x2  
  28  5:27  Supply Depot  
  28  5:28  SCV  
  29  5:34  Supply Depot  
  29  5:40  SCV  
  30  5:52  Supply Depot  
  30  5:53  Reaper  
  31  6:09  Cyclone x2  
  34  6:14  Supply Depot  
  33  6:36  Engineering Bay  
  33  6:41  Cyclone x2  
  39  7:03  Engineering Bay  
  39  7:13  Cyclone  
  39  7:14  Widow Mine  
  41  7:32  Command Center  
  41  7:35  Widow Mine  
  43  7:45  Widow Mine  
  43  7:46  Missile Turret  
  43  7:48  Missile Turret  
  45  7:56  Widow Mine  
  47  8:07  Widow Mine, Missile Turret  
  47  8:10  Missile Turret  
  49  8:26  Missile Turret  
  49  8:32  Missile Turret  
  49  8:46  Missile Turret  
  49  8:47  Missile Turret  
  49  8:51  Missile Turret  
  49  8:58  Orbital Command  
  49  9:07  Missile Turret  
  49  9:08  Missile Turret  
  49  9:28  Missile Turret  
  49  9:29  Widow Mine x2  
  53  9:36  Hi-Sec Auto Tracking  
  53  9:45  Missile Turret  
  53  9:50  Widow Mine, Missile Turret  
  53  9:51  Widow Mine  
  57  10:05  Missile Turret  
  57  10:12  Widow Mine x2  
  61  10:15  SCV  
  61  10:19  SCV  
  63  10:25  Missile Turret  
  63  10:27  SCV  
  63  10:31  SCV  
  63  10:33  Widow Mine x2  
  68  10:39  SCV  
  69  10:43  SCV  
  69  10:47  Missile Turret  
  68  10:52  SCV  
  68  10:54  Widow Mine  
  68  10:55  Widow Mine, SCV  
  63  11:04  SCV  
  58  11:07  Missile Turret  
  58  11:08  SCV  
  47  11:16  Widow Mine x2  
  45  11:37  Cyclone x2  
  39  12:09  Cyclone x2  
  33  12:41  Cyclone x2  
  36  12:59  Marine x2  
  34  13:13  Cyclone x2  
  34  13:17  Marine x2  
  42  13:35  Marine x2  
Tags
 
Add a new tag
Caveats
  • Supply blocks, unpowered buildings, or Contaminate may cause inaccurate times.
  • Supply counts are checked every 10 seconds.